 Dungeon Crawl Stone Soup version 0.31-a0-4-gefa6de2278 (webtiles) character file.

Game seed: 16726553544095146878

1587 Griffin23 the Cleaver (level 8, 0/62 (70) HPs)
             Began as a Minotaur Cinder Acolyte on May 5, 2023.
             Was a Believer of Ignis.
             Slain by a boulder beetle (5 damage)
             ... on level 7 of the Dungeon.
             The game lasted 00:14:53 (6707 turns).

Griffin23 the Cleaver (Minotaur Cinder Acolyte)     Turns: 6707, Time: 00:14:54

HP:   0/62 (70)     AC: 15    Str: 20    XL:     8   Next: 61%
MP:   8/8           EV:  6    Int: 11    God:    Ignis [**....]
Gold: 181           SH:  0    Dex:  7    Spells: 9/9 levels left

rFire   + . .        a - -1 hand axe (flame)
rCold   + . .        (no shield)
rNeg    . . .        u - +0 plate armour
rPois   .            (helmet restricted)
rElec   .            y - scarf {+Inv}
rCorr   .            z - +0 pair of gloves
SInv    .            (no boots)
Will    .....        (no amulet) Stlth
                     d - ring of protection from cold
HPRegen 0.30/turn    (no ring)
MPRegen 0.11/turn

%: no passive effects
@: heavily drained
A: horns 2, retaliatory headbutt
a: Renounce Religion, Evoke Invisibility, Fiery Armour, Foxfire Swarm


You were on level 7 of the Dungeon.
You worshipped Ignis.
Ignis was pleased with you.
You visited 1 branch of the dungeon, and saw 9 of its levels.

You collected 256 gold pieces.
You spent 75 gold pieces at shops.

Inventory:

Hand Weapons
 a - a -1 hand axe of flaming (weapon)
Missiles
 x - a throwing net (quivered)
Armour
 b - a +0 robe
 k - a +0 scale mail
 u - a +0 plate armour (worn)
 w - a +1 scale mail of willpower
 y - a scarf of invisibility (worn)
 z - a +0 pair of gloves (worn)
Jewellery
 d - a ring of protection from cold (left hand)
Wands
 n - a wand of polymorph (12)
 C - a wand of flame (7)
Scrolls
 c - a scroll of butterflies
 e - 2 scrolls of immolation {unknown}
 h - 2 scrolls of enchant weapon {unknown}
 l - 9 scrolls of identify
 o - 2 scrolls of magic mapping {unknown}
 p - 2 scrolls of noise {unknown}
 B - a scroll of teleportation {unknown}
 D - a scroll of silence {unknown}
 E - a scroll of torment {unknown}
Potions
 f - a potion of degeneration {unknown}
 g - 2 potions of attraction {unknown}
 i - 2 potions of lignification {unknown}
 j - a potion of flight {unknown}
 m - 2 potions of heal wounds {unknown}
 r - 2 potions of magic {unknown}
 s - a potion of curing {unknown}
 t - 2 potions of berserk rage {unknown}
 v - a potion of cancellation {unknown}
 A - 2 potions of might {unknown}


   Skills:
 + Level 6.1 Fighting
 + Level 8.9 Axes
 * Level 8.3 Armour
 - Level 0.2 Dodging
 + Level 0.6 Stealth
 - Level 1.0 Spellcasting
 - Level 2.5 Fire Magic
 * Level 0.6 Evocations


You had 9 spell levels left.
You didn't know any spells.
Your spell library contained the following spells:

 Spells                   Type           Power      Damage    Failure   Level
 Scorch                   Fire           12%        2d6       98%         2
 Sting                    Tmut/Pois      0%         1d3       99%         1
 Ensorcelled Hibernation  Hex/Ice        0%         N/A       100%        2
 Passwall                 Tmut/Erth      0%         N/A       100%        2
 Poisonous Vapours        Pois/Air       0%         N/A       100%        2
 Swiftness                Air            0%         N/A       100%        3
 Olgreb's Toxic Radiance  Pois           0%         N/A       100%        4


Dungeon Overview and Level Annotations

Branches:
Dungeon (9/15)             Temple (0/1) D:5
   Lair: D:8-11         Orc: D:9-12

Altars:
Kikubaaqudgha

Shops:
D:2 ([[?

Annotations:
D:9 Grum


Innate Abilities, Weirdness & Mutations

You have a pair of horns on your head.
You reflexively headbutt those who attack you in melee.


Message History

Your butterfly dies!
Your butterfly disappears in a burst of colours!
The wight misses your butterfly.
The orc wizard barely misses your butterfly.
You swap places.
The wolf bites your butterfly!
Your butterfly dies!
Your butterfly disappears in a burst of colours!
The wight misses your butterfly. The wolf bites your butterfly!
Your butterfly dies!
Your butterfly disappears in a burst of colours!
You swap places.
The wolf barely misses your butterfly.
The wight hits your butterfly with a +3 falchion!
Your butterfly dies!
Your butterfly disappears in a burst of colours!
You swap places.
Something closely misses your butterfly.
Something misses your butterfly. Something hits your butterfly!
Your butterfly dies!
Your butterfly disappears in a burst of colours!
Something closely misses your butterfly.
The wolf bites your butterfly!
Your butterfly dies!
Your butterfly disappears in a burst of colours!
Something hits your butterfly.
Your butterfly dies!
Your butterfly disappears in a burst of colours!
The wolf barely misses your butterfly.
Unknown command.
Something closely misses your butterfly.
Aiming: Polymorph
Press: ? - help, Shift-Dir - straight line, f - wolf
Aim: a wolf (will become a scorpion, an endoplasm, or a centaur, chance to affect: 50%)
The wolf evaporates and reforms as an endoplasm!
There is a stone staircase leading up here.
The endoplasm barely misses you.
You climb upwards.
The boulder beetle bites you!
* * * LOW HITPOINT WARNING * * *
The boulder beetle waves its antennae.
The boulder beetle bites you.
You die...

##.## ##.......##
##....#.# #.#
##.....##
#.###.## #.#
##...########.#
### #.#
#...........# #.#
#..#######..# #.#
#####..#######..#
#.#
#...............#
#.#
##J...##.###..#
#..@.......vB.#
##..B.##...§§.#
##.#.######.##
#.#...○.B°.#
#.########## #$#
#.# #.#


You could see a boulder beetle and an endoplasm.

Vanquished Creatures
  The ghost of HilariousDeathArtist the Ogre Mage, an amateur OgEE (D:4)
  A steam dragon (D:6)
  A water moccasin (D:5)
  2 black bears
  A phantom (D:5)
  2 bullfrogs (D:8)
  2 scorpions (D:5)
  2 hounds
  A jelly (D:6)
  An orc priest (D:8)
  3 gnoll boudas
  3 iguanas
  3 orc wizards
  Robin (D:2)
  10 gnolls
  7 adders
  3 white imps (D:6)
  3 worms
  7 dart slugs
  19 orcs
  10 ball pythons
  7 endoplasms
  A giant cockroach (D:1)
  13 goblins
  14 hobgoblins
  3 jackals (D:1)
  5 kobolds
  2 quokkas (D:2)
  9 bats
  3 frilled lizards (D:1)
  4 rats
144 creatures vanquished.

Vanquished Creatures (others)
  27 foxfires (D:7)
27 creatures vanquished.

Grand Total: 171 creatures vanquished

Notes
Turn   | Place    | Note
-------+----------+-------------------------------------------
     0 | D:1      | Griffin23 the Minotaur Cinder Acolyte began the quest for
                  | the Orb.
     0 | D:1      | Reached XP level 1. HP: 19/19 MP: 1/1
   117 | D:1      | Reached XP level 2. HP: 22/27 MP: 2/2
   329 | D:1      | Reached XP level 3. HP: 33/33 MP: 3/3
   980 | D:2      | Found Xaezxin's Antique Armour Boutique.
  1132 | D:2      | Found Ommibe's Magic Scroll Boutique.
  1145 | D:2      | Bought a scroll of blinking for 75 gold pieces
  1184 | D:2      | Noticed Robin
  1202 | D:2      | Killed Robin
  1203 | D:2      | Reached XP level 4. HP: 38/41 MP: 4/4
  1387 | D:2      | Reached skill level 5 in Axes
  1406 | D:2      | Found an ancient bone altar of Kikubaaqudgha.
  1439 | D:2      | Found Xusogooh's Weapon Emporium.
  1580 | D:2      | Found Kypi Mie's Antique Armour Shop.
  2041 | D:3      | Reached skill level 1 in Armour
  2440 | D:3      | Reached XP level 5. HP: 35/47 MP: 5/5
  3085 | D:4      | Reached XP level 6. HP: 55/55 MP: 6/6
  3193 | D:4      | Found a transporter.
  3196 | D:4      | Noticed HilariousDeathArtist's ghost (amateur OgEE)
  3198 | D:4      | Found a transporter.
  3468 | D:4      | Reached skill level 5 in Fighting
  3773 | D:4      | Killed HilariousDeathArtist's ghost
  3774 | D:4      | Reached XP level 7. HP: 61/61 MP: 7/7
  3870 | D:5      | Entered Level 5 of the Dungeon
  3946 | D:5      | Reached skill level 5 in Armour
  4060 | D:5      | Found an ancient bone altar of Kikubaaqudgha.
  4365 | D:5      | Reached XP level 8. HP: 45/69 MP: 8/8
  4617 | D:5      | Found a staircase to the Ecumenical Temple.
  6122 | D:7      | Noticed a boulder beetle
  6674 | D:9      | Noticed Grum
  6707 | D:7      | Slain by a boulder beetle

Illustrated notes

Levels and vault maps discovered:
D:1:      psy_arrival_radial02, layout_loops_ring,
          chequers_serial_rivers_small_a, minmay_octomino_j4
D:2:      layout_basic, serial_shops, nicolae_shop_crystal, shop, shop,
          shop_scrolls, basic_altar, uniq_robin
D:3:      layout_basic
D:4:      layout_loops_corners, gammafunk_ghost_arena,
          chequers_serial_rivers_micro_b
D:5:      cheibrodos_quashed, layout_loops_cross, mainiacjoe_overflow_24_doors,
          minmay_temple_entry_butterflies
D:6:      layout_basic
D:7:      layout_loops_corners
D:8:      minmay_the_grid_plus_closed [minmay_the_grid_paths,
          minmay_the_grid_dragon_b, minmay_the_grid_mess,
          minmay_the_grid_square_x, minmay_the_grid_prize_four_corners],
          layout_basic, minmay_between
D:9:      layout_cave_pools, amethyst_overflow_temple_binary,
          corexii_checkpoint_a, uniq_grum, uniq_maggie

Skill      XL: |  1  2  3  4  5  6  7  8 |
---------------+-------------------------+-----
Fighting       | 4 5 6 |  6.1
Axes           | 4 5 6 7 8 |  8.9
Armour         | 1 2 4 6 8 |  8.3
Dodging        | |  0.2
Stealth        | |  0.6
Spellcasting   | |  1.0
Fire Magic     | |  2.5
Evocations     | |  0.6

Action                     |  1- 3 |  4- 6 |  7- 9 || total
---------------------------+-------+-------+-------++-------
  Melee: Hand axe          |    88 |   143 |   176 ||   407
         Headbutt          |     9 |    22 |    40 ||    71
         Punch             |     1 |     1 |     2 ||     4
 Invoke: Fiery Armour      |     1 |     3 |     2 ||     6
         Foxfire Swarm     |       |       |     2 ||     2
         Rising Flame      |       |       |     1 ||     1
  Evoke: Wand              |       |       |     1 ||     1
    Use: Scroll            |       |       |     5 ||     5
 Armour: Robe              |    12 |       |       ||    12
         Scale mail        |    20 |    27 |       ||    47
         Plate armour      |       |    64 |   112 ||   176
  Dodge: Dodged            |    57 |    61 |    57 ||   175

Table legend: (Time is in decaauts)
 A = Elapsed time spent in this place.
 B = Non-inter-level travel time spent in this place.
 C = Inter-level travel time spent in this place.
 D = Time resting spent in this place.
 E = Time spent auto-exploring this place.
 F = Levels seen in this place.
 G = Mean time per level.
                   A        B        C        D        E       F      G
               +--------+--------+--------+--------+--------+-----+--------+
         Total |   6711 |   6383 |    328 |   1094 |   4143 |   9 |  745.7 |
       Dungeon |   6711 |   6383 |    328 |   1094 |   4143 |   9 |  745.7 |
               +--------+--------+--------+--------+--------+-----+--------+

Top non-repeatable levels by time:
     D:4: 1093 daAuts
     D:3: 1075 daAuts
     D:6: 985 daAuts
     D:5: 969 daAuts
     D:1: 864 daAuts
     D:2: 861 daAuts
     D:8: 544 daAuts
     D:7: 313 daAuts
     D:9: 5 daAuts
